Map: Central Protocol

Players

Washikie

  • Race: Terran Terran

Fullmetal - Winner!

  • Race: Terran Terran
  • League: Master

VOD

Have the link to the VOD?

Description

Time

  • Played on: Nov. 16, 2015, 4:12 a.m.
  • Length: 4:52
Show
View Real Time Build Order
Export as new Build Order

Washikie Terran 

Build Orders:  

Get SALT Encoding   

  12  0:01  SCV  
  13  0:13  SCV  
  14  0:17  Supply Depot  
  14  0:25  SCV  
  15  0:39  SCV  
  15  0:42  Barracks  
  16  0:47  Refinery  
  16  0:54  SCV  
  17  1:06  SCV  
  18  1:20  Refinery  
  18  1:24  SCV  
  19  1:31  Reaper  
  20  1:37  Orbital Command  
  20  1:46  Supply Depot  
  20  2:04  SCV  
  21  2:10  Command Center  
  21  2:16  Barracks Reactor  
  21  2:21  SCV  
  22  2:29  Factory  
  22  2:37  SCV  
  23  2:55  Marine x2  
  23  2:57  SCV  
  25  3:10  SCV  
  26  3:15  Factory Tech Lab, Starport  
  26  3:16  Marine x2  
  28  3:22  SCV  
  28  3:24  Orbital Command  
  29  3:38  Marine x2  
  31  3:42  Siege Tank  
  31  3:47  Supply Depot  
  31  3:56  Marine x2  
  31  4:01  SCV x2  
  29  4:13  Marine  
  29  4:14  Marine  
  31  4:18  SCV  
  31  4:22  Supply Depot  
  31  4:24  Orbital Command  
  31  4:30  SCV  
  32  4:32  Engineering Bay  
Show
View Real Time Build Order
Export as new Build Order

Fullmetal Terran - Winner!

Build Orders: 1/1/1, Banshee Rush 

Get SALT Encoding   

  12  0:01  SCV  
  13  0:13  SCV  
  14  0:19  Supply Depot  
  14  0:25  SCV  
  15  0:30  Refinery  
  15  0:40  SCV  
  16  0:46  Barracks  
  16  0:55  SCV  
  17  1:07  SCV  
  18  1:17  Refinery  
  18  1:20  SCV  
  19  1:33  Orbital Command  
  19  1:38  Factory  
  19  1:48  Supply Depot  
  19  1:50  Reaper  
  20  1:59  SCV  
  21  2:11  SCV  
  22  2:22  Reaper  
  23  2:25  Hellion  
  23  2:27  Starport  
  23  2:29  SCV  
  26  2:35  Supply Depot  
  25  2:41  SCV  
  26  2:46  Hellion  
  25  2:53  SCV  
  25  2:57  Barracks Tech Lab  
  26  3:07  SCV  
  26  3:08  Hellion  
  29  3:19  SCV  
  30  3:26  Banshee  
  33  3:28  Cloaking Field  
  33  3:29  Hellion  
  33  3:31  Reaper  
  33  3:32  SCV  
  37  3:38  Supply Depot  
  37  3:53  SCV  
  37  3:55  Factory Tech Lab  
  36  4:10  Marine  
  38  4:20  SCV  
  38  4:24  Command Center  
  41  4:32  SCV, Supply Depot  
  41  4:37  Barracks Reactor  
Tags
 
Add a new tag
Caveats
  • Supply blocks, unpowered buildings, or Contaminate may cause inaccurate times.
  • Supply counts are checked every 10 seconds.